 Dungeon Crawl Stone Soup version 0.21.1-1-g345015f (webtiles) character file.

22 Kryn the Grave Robber (level 2, 0/19 HPs)
             Began as a Vampire Necromancer on June 9, 2018.
             Succumbed to a kobold's poison
             ... on level 1 of the Dungeon on June 10, 2018.
             The game lasted 00:10:40 (739 turns).

Kryn the Grave Robber (Vampire Necromancer)          Turns: 739, Time: 00:10:41

Health: 0/19       AC:  8    Str:  7    XL:     2   Next: 68%
Magic:  2/5        EV:  2    Int: 17    God:
Gold:   25         SH:  0    Dex: 14    Spells: 3/5 levels left

rFire    . . .     SeeInvis +   i - +0 short sword
rCold    . . .     Gourm    +   (no shield)
rNeg     . . .     Faith    .   d - +0 chain mail
rPois    .         Spirit   .   (no helmet)
rElec    .         Reflect  .   (no cloak)
rCorr    .         Harm     .   (no gloves)
MR       .....                  (no boots)
Stlth    ..........             j - amulet of the gourmand
HPRegen  0.26/turn              (no ring)
MPRegen  0.09/turn              (no ring)

@: lethally poisoned (0 -> -6), very slightly contaminated, regenerating quickly
A: fangs 3, see invisible, unbreathing
a: no special abilities


You were on level 1 of the Dungeon.
You were full.

You visited 1 branch of the dungeon, and saw 1 of its levels.

You collected 25 gold pieces.

Inventory:

Hand Weapons
 c - a +0 dagger
 e - a +0 hunting sling
 i - a +0 short sword (weapon)
 l - a +0 hunting sling
 p - a +0 whip
 r - a +0 club
 s - a +0 dagger
 t - a +0 club
 u - a +0 dagger
Missiles
 q - 25 stones (quivered)
Armour
 a - a +0 robe
 d - a +0 chain mail (worn)
Jewellery
 j - an amulet of the gourmand (around neck)
Scrolls
 g - a scroll of fog {unknown}
 m - a scroll of remove curse {unknown}
 n - a scroll of noise {unknown}
 o - 2 scrolls of teleportation {unknown}
Potions
 f - 3 potions of blood
 h - a potion of heal wounds {unknown}
 k - a potion of curing {unknown}
Books
 b - a book of Necromancy

   Spells                             Type                      Level
   a - Pain                           Necromancy                   1
   b - Animate Skeleton               Necromancy                   1
   c - Vampiric Draining              Necromancy                   3
   d - Regeneration                   Charms/Necromancy            3
   e - Animate Dead                   Necromancy                   4
   f - Borgnjor's Vile Clutch         Necromancy/Earth             5


   Skills:
 + Level 0.8 Short Blades
 + Level 2.4 Dodging
 + Level 3.4 Stealth
 - Level 2.0 Spellcasting
 * Level 4.9 Necromancy


You had 3 spell levels left.
You knew the following spells:

 Your Spells              Type           Power        Failure   Level  Hunger
a - Pain                  Necr           ###.         100%        1    #......
b - Animate Skeleton      Necr           N/A          100%        1    #......


Dungeon Overview and Level Annotations

Branches:
Dungeon (1/15)

Altars:


Innate Abilities, Weirdness & Mutations

Your natural rate of healing is unusually fast.
You have razor-sharp teeth.
You have supernaturally acute eyesight. (SInv)
You can survive without breathing.


Message History

Unknown command.
Yummy - fresh blood!
You feel sick. The kobold hits you but does no damage.
You hit the kobold but do no damage.
The kobold is moderately wounded.
You feel sick. The kobold hits you but does no damage.
You are lethally poisoned!
You feel sick.
You feel sick.
You feel sick.
* * * LOW HITPOINT WARNING * * *
You feel sick.
* * * LOW HITPOINT WARNING * * *
You feel sick.
* * * LOW HITPOINT WARNING * * *
You feel sick.
* * * LOW HITPOINT WARNING * * *
You feel sick.
* * * LOW HITPOINT WARNING * * *
You feel sick.
You die...

#.# ##.## #. #####.##
#.# #.
.......########.# #.
###..........##.#
###.###..
###.#..#####.##.#
##........
....#...........#
#.>.......
######.#####.#### #..#
#.#.....###########..#
#.#.#......@.K.......#
#.#.#...############.#
######.#.#.#.# #.#
#......#.....# #.#
#.########.### #..
....# #...# ### #.#.#
#.#.# ########## #.#.#
#.#.# #P≈≈≈≈≈≈≈≈ #.#.#
#.#.# #.P≈≈≈≈≈≈≈


You could see a kobold.

Vanquished Creatures
  A dart slug (D:1)
  A leopard gecko (D:1)
  2 giant cockroaches (D:1)
  4 goblins (D:1)
  A hobgoblin (D:1)
  A ball python (D:1)
  2 bats (D:1)
  3 frilled lizards (D:1)
  2 kobolds (D:1)
  3 rats (D:1)
20 creatures vanquished.

Notes
Turn   | Place    | Note
-------+----------+-------------------------------------------
     0 | D:1      | Kryn the Vampire Necromancer began the quest for the Orb.
     0 | D:1      | Reached XP level 1. HP: 13/13 MP: 3/3
     2 | D:1      | Learned a level 1 spell: Animate Skeleton
   318 | D:1      | Reached XP level 2. HP: 19/19 MP: 5/5
   739 | D:1      | Succumbed to a kobold's poison

Action                   || total
-------------------------++-------
Melee: Dagger            ||    21
       Unarmed           ||    17
       Short sword       ||    67
       Bite              ||     7
  Use: Potion            ||     5
Armor: Chain mail        ||   112
Dodge: Dodged            ||     7
